 Dungeon Crawl Stone Soup version 0.19-a0-1714-gcab94ab (webtiles) character file.

53 TheGoonsmith the Sneak (level 3, -3/19 HPs)
             Began as a Vine Stalker Assassin on Sept 28, 2016.
             Slain by a gnoll (6 damage)
             ... on level 1 of the Dungeon.
             The game lasted 00:02:34 (1590 turns).

TheGoonsmith the Sneak (Vine Stalker Assassin)      Turns: 1590, Time: 00:02:34

Health: -3/19      AC:  3    Str: 13    XL:     3   Next: 89%
Magic:  0/4        EV: 11    Int: 11    God:
Gold:   82         SH:  0    Dex: 16    Spells: 0 memorised, 2 levels left

rFire  . . .     SeeInvis .     a - +2 dagger
rCold  . . .     Gourm    .     c - +0 robe
rNeg   . . .     Faith    .     (no shield)
rPois  .         Spirit   +     (no helmet)
rElec  .         Dismiss  .     t - -2 cloak (curse)
rCorr  .         Reflect  .     i - +0 pair of gloves
MR     .....     Harm     .     (no boots)
Stlth  +++.......               (no amulet)
                                (no ring)
                                (no ring)

@: no status effects
A: fangs 2, magic shield, antimagic bite, no device heal 3, rot immunity
a: no special abilities


You were on level 1 of the Dungeon.
You were near starving.

You visited 1 branch of the dungeon, and saw 2 of its levels.

You collected 82 gold pieces.

Inventory:

Hand Weapons
 a - a +2 dagger (weapon)
 b - a +0 blowgun
Missiles
 e - 14 poisoned needles
 f - 2 curare-tipped needles
Armour
 c - a +0 robe (worn)
 d - a +0 cloak
 i - a +0 pair of gloves (worn)
 t - a cursed -2 cloak (worn)
Scrolls
 j - a scroll of recharging {unknown}
 k - 2 scrolls of blinking {unknown}
 o - 2 scrolls of identify {unknown}
 q - a scroll of enchant weapon {unknown}
 r - a scroll of remove curse {unknown}
Potions
 h - 6 potions of lignification {unknown}
 m - a potion of berserk rage {unknown}
 n - a potion of curing {unknown}
 s - 2 potions of haste {unknown}
Comestibles
 g - 4 bread rations
 l - a beef jerky
 p - a meat ration
 u - a slice of pizza


   Skills:
 + Level 2.4 Fighting
 * Level 3.2 Short Blades
 - Level 1.7 Throwing
 - Level 0.7 Dodging
 - Level 4.8 Stealth


You had 2 spell levels left.
You didn't know any spells.

Dungeon Overview and Level Annotations

Branches:
Dungeon (2/15)

Altars:
Fedhas
Gozag
Zin


Innate Abilities, Weirdness & Mutations

You have extremely sharp teeth.
When hurt, damage is shared between your health and your magic reserves.
Your bite disrupts and absorbs the magic of your enemies.
Potions and wands cannot restore your health.
You are immune to rotting.


Message History

There is a stone staircase leading up here.
You hit the gnoll. You bite the gnoll, but do no damage.
The gnoll is moderately wounded.
The gnoll hits you.
You hit the gnoll. You bite the gnoll, but do no damage.
The gnoll is heavily wounded.
The gnoll hits you.
You hit the gnoll.
The gnoll is severely wounded.
The gnoll hits you. The gnoll barely misses you. The gnoll closely misses you.
You climb upwards.
There is a stone staircase leading down here.
You closely miss the gnoll. Your bite misses the gnoll.
The gnoll is severely wounded.
The gnoll closely misses you. The gnoll hits you with a flail!
* * * LOW HITPOINT WARNING * * *
You are too injured to fight recklessly!
The gnoll hits you but does no damage. The gnoll hits you!
You die...

#.# ##########.#.## #.#
#.............######### #.#
#...................#.. #.#
#..##......#..#####)#.#
#.#####>.##.######...........
#........##.### ##..#.......
######...##...# #..#.##.#.#
#...####.# #..#.##.#.#
#....gg@.# #..#.##.#.#
#..###.#.# #..#.##.#.#
#.....#..#####..#.##...#
##.#.###........#.######
#....#.........#.######
#.###.#..#####.#.#..... #.#
###..#####...#..... #.#
#................ #.#
#.######.........


You could see 2 gnolls.

Vanquished Creatures
  2 adders (D:2)
  A dart slug (D:2)
  A ball python (D:1)
  2 bats (D:2)
  A giant cockroach (D:1)
  3 goblins
  9 hobgoblins
  7 kobolds
  5 rats
31 creatures vanquished.

Notes
Turn   | Place    | Note
-------+----------+-------------------------------------------
     0 | D:1      | TheGoonsmith the Vine Stalker Assassin began the quest for the Orb.
     0 | D:1      | Reached XP level 1. HP: 11/11 MP: 2/2
   321 | D:1      | Reached XP level 2. HP: 15/15 MP: 3/3
   788 | D:2      | Reached XP level 3. HP: 18/18 MP: 4/4
   908 | D:2      | Found an opulent altar of Gozag.
   909 | D:2      | Found a glowing silver altar of Zin.
  1126 | D:2      | Found a blossoming altar of Fedhas.
  1590 | D:1      | Slain by a gnoll

Vault maps used:
D:1:      dpeg_arrival_connections
D:2:      fedhas_altar_1, grunt_temple_overflow_gold_and_silver, first_bread

Skill      XL: |  1  2  3 |
---------------+----------+-----
Short Blades   | 2 3 |  3.2
Fighting       | 2 |  2.4
Throwing       | |  1.7
Dodging        | |  0.7
Stealth        | |  4.8

Action                   || total
-------------------------++-------
Melee: Dagger            ||    71
       Bite              ||    18
 Stab: Sleeping          ||    10
Armor: Robe              ||     9
Dodge: Dodged            ||    40
